 Dungeon Crawl Stone Soup version 0.31.0-11-ge490571c62 (webtiles) character file.

Game seed: 14339473526415416431

58 qw the Shooter (level 3, -4/20 HPs)
             Began as a Deep Elf Hunter on Feb 3, 2024.
             Slain by Grinder (6 damage)
             ... on level 3 of the Dungeon.
             The game lasted 00:00:26 (1708 turns).

qw the Shooter (Deep Elf Hunter)                    Turns: 1708, Time: 00:00:27

Health: -4/20      AC:  5    Str: 10    XL:     3   Next: 75%
Magic:  5/5        EV: 11    Int: 13    God:
Gold:   156        SH:  0    Dex: 18    Spells: 2/2 levels left

rFire   . . .        b - +0 arbalest
rCold   . . .        (shield currently unavailable)
rNeg    . . .        h - +0 ring mail
rPois   .            (no helmet)
rElec   .            (no cloak)
rCorr   .            (no gloves)
SInv    .            (no boots)
Will    .....        d - amulet of faith
Stlth   +            (no ring)
HPRegen 0.23/turn    (no ring)
MPRegen 0.09/turn

%: faith
@: no status effects
A: no striking features
a: no special abilities


You were on level 3 of the Dungeon.
You visited 1 branch of the dungeon, and saw 3 of its levels.

You collected 156 gold pieces.


   Skills:
 - Level 1.5 Fighting
 + Level 7.2 Ranged Weapons
 - Level 2.4 Dodging
 - Level 1.2 Stealth


You had 2 spell levels left.
You didn't know any spells.
Your spell library was empty.

Inventory:

Hand Weapons
 b - a +0 arbalest (weapon)
Armour
 h - a +0 ring mail (worn)
Jewellery
 d - an amulet of faith (around neck)
Potions
 f - a potion of cancellation {unknown}
 i - a potion of lignification {unknown}
 k - a potion of enlightenment {unknown}

Dungeon Overview and Level Annotations

Branches:
Dungeon (3/15)

Altars:

Annotations:
D:3 Grinder


Message History

You shoot a bolt. The bolt closely misses the orc.
The orc shouts!
You shoot a bolt. The bolt hits the orc!
You kill the orc!
You start resting.
HP restored.
1577 ||| DROPPING +0 shortbow.
You drop a +0 shortbow.
You now have 156 gold pieces (gained 16).
A ribbon worm comes into view.
You shoot a bolt. The bolt hits the ribbon worm!
The ribbon worm is severely wounded.
You shoot a bolt. The bolt hits the ribbon worm!!
You kill the ribbon worm!
An endoplasm comes into view.
You shoot a bolt. The bolt hits the endoplasm!!
You kill the endoplasm!
Found a stone staircase leading up.
Enter note:
There is a stone staircase leading up here.
Enter note:
Enter note:
Enter note: You shoot a bolt.
Grinder shouts!
The bolt hits Grinder!
Grinder is moderately wounded.
You shoot a bolt.
The bolt hits Grinder but does no damage.
Grinder is moderately wounded.
You shoot a bolt. The bolt barely misses Grinder.
Grinder gestures at you. Pain shoots through your body!
You shoot a bolt. The bolt barely misses Grinder.
Grinder gestures at you.
You barely resist. You shoot a bolt. The bolt hits Grinder.
Grinder is moderately wounded.
Grinder hits you but does no damage. Grinder hits you!
You writhe in agony.
You die...
Grinder sighs, "Dead already?
I want a refund."

#.# #.#.#..# .# #.#
#.#.#..# .# #.#
#.#.#### .# #.# #.#
.# #.# #.# .# #.#
#.# .# #.# #.# ###5#
#<# #.@.# ### .
##.###########.
#..............
#.............###
#####.#.....#.#.####
#.#.###.#.#.....
#.#.# #.#.#.#...
#.#.###.#.#.#.##
#.#............#


You could see Grinder.

Vanquished Creatures
  An adder (D:2)
  A ribbon worm (D:3)
  A dart slug (D:2)
  An orc (D:3)
  2 bats
  4 endoplasms
  3 giant cockroaches (D:1)
  4 hobgoblins
  6 kobolds
  A quokka (D:1)
  7 ball pythons
  A frilled lizard (D:1)
  5 goblins
  4 rats
41 creatures vanquished.

Notes
Turn   | Place    | Note
-------+----------+-------------------------------------------
     0 | D:1      | qw the Deep Elf Hunter began the quest for the Orb.
     0 | D:1      | Reached XP level 1. HP: 12/12 MP: 3/3
     0 | D:1      | 0 ||| qw: Version: 0.3-a-155-g5e7d8dd
     0 | D:1      | 0 ||| qw: Game counter: 3499
     0 | D:1      | 0 ||| qw: Melee chars always use a shield: true
     0 | D:1      | 0 ||| qw: God list: Okawaru
     0 | D:1      | 0 ||| qw: Allow faded altars: false
     0 | D:1      | 0 ||| qw: Do Orc after clearing Dungeon:15 true
     0 | D:1      | 0 ||| qw: Do second Lair branch before Depths: true
     0 | D:1      | 0 ||| qw: Lair rune preference: random
     0 | D:1      | 0 ||| qw: Goals: Normal
     0 | D:1      | 0 ||| PLANNING D:1-11
   164 | D:1      | Reached skill level 6 in Ranged Weapons
   164 | D:1      | Reached XP level 2. HP: 16/16 MP: 4/4
   583 | D:1      | 583 ||| READING scroll labelled PINOPA LIW.
   588 | D:1      | 588 ||| DRINKING 2 emerald potions.
   589 | D:1      | 589 ||| DROPPING scroll of butterflies.
   616 | D:2      | Reached XP level 3. HP: 6/20 MP: 5/5
   722 | D:2      | 722 ||| FLEEEEING.
   723 | D:2      | 723 ||| FLEEEEING.
   724 | D:2      | 724 ||| FLEEEEING.
   725 | D:2      | 725 ||| FLEEEEING.
   726 | D:2      | 726 ||| FLEEEEING.
   727 | D:2      | 727 ||| FLEEEEING.
   728 | D:2      | 728 ||| FLEEEEING.
   815 | D:2      | Reached skill level 7 in Ranged Weapons
  1382 | D:2      | 1382 ||| UPGRADING to +0 ring mail.
  1392 | D:2      | 1392 ||| DROPPING +0 leather armour.
  1393 | D:2      | 1393 ||| UPGRADING to amulet of faith.
  1398 | D:2      | 1398 ||| READING scroll labelled MUNOYV OCLAENN.
  1399 | D:2      | 1399 ||| READING 2 scrolls labelled HOALAE OQUOTEN.
  1400 | D:2      | 1400 ||| DRINKING 2 glowing coppery potions.
  1401 | D:2      | 1401 ||| DRINKING potion of curing.
  1401 | D:2      | 1401 ||| (to cure confusion)
  1402 | D:2      | 1402 ||| DROPPING potion of ambrosia.
  1403 | D:2      | 1403 ||| DROPPING scroll of fear.
  1502 | D:3      | Noticed Grinder
  1503 | D:3      | 1503 ||| SWAPPING to +0 arbalest.
  1510 | D:3      | Paralysed by Grinder for 3 turns
  1510 | D:3      | HP: 5/20 [Grinder (3)]
  1513 | D:3      | 1513 ||| READING scroll of teleportation.
  1514 | D:3      | 1514 ||| FLEEEEING.
  1515 | D:3      | 1515 ||| FLEEEEING.
  1516 | D:3      | 1516 ||| FLEEEEING.
  1577 | D:3      | 1577 ||| DROPPING +0 shortbow.
  1708 | D:3      | HP: 2/20 [Grinder (9)]
  1708 | D:3      | Slain by Grinder

Levels and vault maps discovered:
D:1:      lightli_arrival_farm, layout_loops_ring
D:2:      layout_basic
D:3:      layout_basic, uniq_grinder

Skill      XL: |  1  2  3 |
---------------+----------+-----
Ranged Weapons | 6 7 |  7.2
Fighting       | |  1.5
Dodging        | |  2.4
Stealth        | |  1.2

Action                     || total
---------------------------++-------
   Fire: Shortbow          ||    78
         Arbalest          ||    20
    Use: Scroll            ||     4
         Potion            ||     3
 Armour: Leather armour    ||     9
         Ring mail         ||     6
  Dodge: Dodged            ||    10

Table legend:
 A = Non-vault XP
 B = Vault XP
 C = Vault XP percentage of total XP
 D = Non-vault monster count
 E = Vault monster count
 F = Vault count percentage of total count
                 A         B        C        D         E       F
            +---------+---------+-------+---------+---------+-------
      Total |      83 |       0 |   0.0 |      41 |       0 |   0.0
            +---------+---------+-------+---------+---------+-------
        D:1 |      36 |       0 |   0.0 |      22 |       0 |   0.0
        D:2 |      35 |       0 |   0.0 |      14 |       0 |   0.0
        D:3 |      12 |       0 |   0.0 |       5 |       0 |   0.0
            +---------+---------+-------+---------+---------+-------
